 Dungeon Crawl Stone Soup version 0.28.0 (webtiles) character file.

Game seed: 1263575965341781607

21851 Umbaba the Cleaver (level 12, 0/113 HPs)
             Began as a Minotaur Berserker on May 27, 2022.
             Was a High Priest of Trog.
             Killed from afar by a raiju (14 damage)
             ... with a living lightning
             ... on level 2 of the Abyss.
             The game lasted 01:27:15 (17236 turns).

Umbaba the Cleaver (Minotaur Berserker)            Turns: 17236, Time: 01:27:17

Health: 0/113      AC: 15    Str: 33    XL:     12   Next: 57%
Magic:  11/11      EV: 24    Int:  4    God:    Trog [*****.]
Gold:   426        SH: 10    Dex: 16    Spells: 11/11 levels left

rFire   + . .      SeeInvis .   a - +1 war axe (freeze)
rCold   . . .      Faith    .   f - +1 kite shield
rNeg    . . .      Spirit   .   l - +0 plate armour of the Lute {rF+ rCorr}
rPois   .          Reflect  .   (helmet restricted)
rElec   .          Harm     .   A - scarf {+Inv}
rCorr   +          Rampage  .   (no gloves)
Will    .....                   (no boots)
Stlth   ..........              y - amulet of the acrobat
HPRegen 0.28/turn               B - +6 ring of dexterity
MPRegen 0.12/turn               r - +6 ring of strength

@: about to teleport, acrobatic, studying Crossbows
A: horns 2, retaliatory headbutt
a: Renounce Religion, Evoke Invisibility, Berserk, Trog's Hand, Brothers in Arms


You were on level 2 of the Abyss.
You worshipped Trog.
Trog was extremely pleased with you.
You visited 2 branches of the dungeon, and saw 15 of its levels.
You visited the Abyss 1 time.
You also visited: Volcano.

You collected 838 gold pieces.
You spent 412 gold pieces at shops.

Inventory:

Hand Weapons
 a - a +1 war axe of freezing (weapon)
 b - a +0 hunting sling
 C - a +0 flail of venom
 D - a +0 war axe of draining
 M - a +0 morningstar of protection
Missiles
 j - 290 stones (quivered)
 L - 5 throwing nets
 O - 23 sling bullets
Armour
 f - a +1 kite shield (worn)
 l - the +0 plate armour of the Lute (worn) {rF+ rCorr}
   (You found it on level 6 of the Dungeon)

   rF:        It protects you from fire.
   rCorr:     It protects you from acid and corrosion.
 A - a scarf of invisibility (worn)
Jewellery
 e - a +4 ring of evasion
 r - a +6 ring of strength (right hand)
 y - an amulet of the acrobat (around neck)
 B - a +6 ring of dexterity (left hand)
Wands
 d - a wand of paralysis (16)
 m - a wand of digging (8)
 w - a wand of polymorph (6)
 z - a wand of flame (80)
Scrolls
 h - 2 scrolls of magic mapping
 k - a scroll of enchant weapon
 o - a scroll of enchant armour
 p - 5 scrolls of teleportation
 q - a scroll of acquirement
 s - a scroll of silence {unknown}
 u - 4 scrolls of fog
 v - 2 scrolls of immolation
 E - a scroll of brand weapon {unknown}
 F - 3 scrolls of noise {unknown}
 G - a scroll of blinking
 H - a scroll of holy word {unknown}
 I - a scroll of summoning {unknown}
 K - a scroll of fear {unknown}
 N - 2 scrolls of identify
Potions
 c - 3 potions of brilliance
 g - 3 potions of ambrosia
 i - a potion of resistance
 n - a potion of haste
 t - 2 potions of cancellation
 x - 6 potions of curing
 J - a potion of magic {unknown}
 P - a potion of berserk rage
 Q - a potion of flight {unknown}
 R - a potion of heal wounds


   Skills:
 + Level 12.4 Fighting
 + Level 14.4 Axes
 + Level 1.6(9.4) Maces & Flails
 + Level 9.8 Slings
 + Level 12.4 Armour
 + Level 4.5 Dodging
 - Level 0.1 Stealth
 + Level 4.5 Shields


You had 11 spell levels left.
You didn't know any spells.
Your spell library was empty.

Dungeon Overview and Level Annotations

Branches:
Dungeon (13/15)            Temple (0/1) D:4            Lair (2/6) D:11
  Snake (0/4) Lair:2          Orc (0/2) D:9         Volcano (visited)
  Swamp: Lair:2-4    Shoals: Lair:2-4    Vaults: D:13-14

Altars:
Fedhas
Gozag
Kikubaaqudgha
Nemelex Xobeh
Qazlal
Trog
Xom
Zin
Beogh

Shops:
D:5 *   D:6 !*(   D:8 *(   D:12 (

Annotations:
D:8 3 runed translucent doors, Skilfsilihog's ghost, novice TeCj
D:12 exclusion: downstairs
D:13 Azrael
Lair:1 3 runed translucent doors, khadrin's ghost, journeyman HOFi


Innate Abilities, Weirdness & Mutations

You have a pair of horns on your head.
You reflexively headbutt those who attack you in melee.


Message History

You slice the anaconda skeleton!! You freeze the anaconda skeleton.
You destroy the anaconda skeleton!
That felt strangely unrewarding.
You start resting.
A tentacled starspawn comes into view.
A tentacle flies out from the starspawn's body!
A starspawn tentacle comes into view.
A neqoxec comes into view.
The neqoxec shouts!
The starspawn tentacle closely misses you.
A starspawn tentacle comes into view.
As you read the scroll of teleportation, it crumbles to dust.
You feel strangely unstable.
You feel the power of the Abyss delaying your translocation!
A raiju comes into view.
You block the starspawn tentacle's attack. 2 raiju come into view.
The raiju barks! x2
The raiju bursts into living lightning!
The living lightning hits you.
* * * LOW HITPOINT WARNING * * *
The raiju blinks! x2
The raiju bursts into living lightning!
The living lightning misses you.
The raiju blinks!
The raiju bursts into living lightning!
The living lightning misses the raiju.
The living lightning misses you.
The raiju blinks! x2; The raiju bites you but does no damage.
The raiju bursts into living lightning!
The living lightning hits you!
* * * LOW HITPOINT WARNING * * *
The raiju blinks!
The raiju bursts into living lightning!
The living lightning misses you.
The raiju blinks!
The raiju bursts into living lightning!
The living lightning hits you.
* * * LOW HITPOINT WARNING * * *
The raiju blinks!
The raiju bursts into living lightning!
The living lightning hits you!
You die...

## ## #####. #.#
#.....#..#
.#.....h..#
......#@# #.....#
###.##§# .h
#.##.#h## ...
#...#h.#
...####§.### .....
##..# ... .......#
.#..
.....#.#..§##.....


You could see 3 raiju.

Vanquished Creatures
  A lorocyproca (Abyss:2)
  Harold (Lair:1)
  2 hydras
  Erolcha (D:11)
  A centaur warrior (D:12)
  5 two-headed ogres
  A wizard (Volcano)
  An anaconda skeleton (Abyss:2)
  2 ugly things
  A manticore (D:12)
  A cyclops (D:12)
  A centaur zombie (D:11)
  A gargoyle (D:11)
  Joseph (Lair:1)
  2 kobold demonologists
  6 komodo dragons
  2 trolls
  5 slime creatures
  2 shadows
  2 wyverns
  A water elemental (D:12)
  18 yaks
  A basilisk (D:12)
  4 fire elementals
  Menkaure (D:6)
  An acid dragon (D:11)
  2 wargs (D:9)
  2 hell hounds (D:13)
  5 water moccasins
  Duvessa (D:6)
  A black bear (D:6)
  2 ice beasts
  6 orc warriors
  A sky beast (D:5)
  2 ogres
  2 centaurs
  3 kobold brigands
  2 gnoll sergeants
  2 small abominations (Abyss:2)
  6 bullfrogs
  4 scorpions
  2 water moccasin zombies
  3 water moccasin skeletons
  Dowan (D:6)
  11 killer bees
  2 howler monkeys
  5 electric eels (D:12)
  2 bullfrog zombies (D:6)
  3 jellies
  2 hounds (D:4)
  7 orc priests
  A gnoll shaman (D:7)
  3 iguanas
  6 orc wizards
  A hound skeleton (D:5)
  2 howler monkey zombies
  2 howler monkey skeletons
  5 adders
  16 gnolls
  An ufetubus (D:5)
  3 dart slugs
  36 orcs
  9 endoplasms
  3 giant cockroaches
  12 goblins
  A hobgoblin (D:4)
  2 jackals (D:1)
  13 kobolds
  5 quokkas
  9 ball pythons
  6 bats
  5 frilled lizards
285 creatures vanquished.

Vanquished Creatures (others)
  A human (D:9)
  10 plants
  2 starspawn tentacles (Abyss:2)
13 creatures vanquished.

Grand Total: 298 creatures vanquished

Notes
Turn   | Place    | Note
-------+----------+-------------------------------------------
     0 | D:1      | Umbaba the Minotaur Berserker began the quest for the Orb.
     0 | D:1      | Reached XP level 1. HP: 19/19 MP: 0/0
   438 | D:1      | Reached XP level 2. HP: 27/27 MP: 1/1
   442 | D:1      | Reached skill level 4 in Axes
   676 | D:1      | Reached ** piety under Trog
   708 | D:1      | Reached XP level 3. HP: 30/33 MP: 2/2
  1578 | D:3      | Reached skill level 1 in Slings
  1626 | D:3      | Found a sparkling altar of Nemelex Xobeh.
  1626 | D:3      | Found a stormy altar of Qazlal.
  1755 | D:3      | Reached XP level 4. HP: 41/41 MP: 3/3
  1897 | D:3      | Noticed a scorpion
  1913 | D:3      | Killed a scorpion
  2166 | D:4      | Found a staircase to the Ecumenical Temple.
  2176 | D:4      | Reached skill level 5 in Axes
  2176 | D:4      | Reached XP level 5. HP: 37/47 MP: 4/4
  2220 | D:4      | Noticed a water moccasin
  2229 | D:4      | Killed a water moccasin
  2230 | D:4      | Reached skill level 5 in Fighting
  2506 | D:4      | Reached XP level 6. HP: 51/56 MP: 5/5
  2587 | D:4      | Found an opulent altar of Gozag.
  2587 | D:4      | Found a blossoming altar of Fedhas.
  2632 | D:4      | Found a bloodstained altar of Trog.
  3213 | D:5      | Entered Level 5 of the Dungeon
  3213 | D:5      | Noticed a sky beast
  3231 | D:5      | Killed a sky beast
  3231 | D:5      | Reached *** piety under Trog
  3345 | D:5      | Reached XP level 7. HP: 61/61 MP: 6/6
  3372 | D:5      | Reached skill level 5 in Slings
  3693 | D:5      | Identified a scroll of acquirement
  3738 | D:5      | Reached skill level 6 in Axes
  3891 | D:5      | Found a glowing silver altar of Zin.
  4369 | D:5      | Found Racsoza's Assorted Antiques.
  4372 | D:5      | Bought a lumpy coppery potion for 26 gold pieces
  4372 | D:5      | Bought a lumpy coppery potion for 26 gold pieces
  4542 | D:6      | Noticed Menkaure
  4552 | D:6      | Killed Menkaure
  4553 | D:6      | Reached XP level 8. HP: 70/70 MP: 7/7
  4583 | D:6      | Reached skill level 7 in Axes
  4756 | D:6      | Identified the +0 plate armour of the Lute {rF+ rCorr}
  4800 | D:6      | Found Duolok's Antique Weapon Boutique.
  4809 | D:6      | Found Zeinuvy's Assorted Antiques.
  4896 | D:6      | Noticed Duvessa
  4901 | D:6      | Noticed Dowan
  4904 | D:6      | Killed Dowan
  4907 | D:6      | Killed Duvessa
  4982 | D:6      | Reached skill level 8 in Axes
  5035 | D:6      | Found Botuineh's Distillery.
  5240 | D:6      | Noticed a cyclops
  5295 | D:7      | Reached skill level 5 in Armour
  5844 | D:7      | Reached **** piety under Trog
  5846 | D:7      | Reached XP level 9. HP: 74/79 MP: 8/8
  5898 | D:7      | Reached skill level 9 in Axes
  6208 | D:7      | Noticed an eight-headed hydra
  6208 | D:7      | Found the +1 robe of Vines {NoPotionHeal Regen++++}
  6668 | D:7      | Noticed a troll
  6997 | D:8      | Found Deikhlee's Elemental Accessories.
  7257 | D:8      | Found a runed translucent gate.
  7260 | D:8      | Found a runed translucent gate.
  7262 | D:8      | Found a runed translucent gate.
  7311 | D:8      | Noticed Skilfsilihog's ghost (novice TeCj)
  7461 | D:8      | Found a shimmering altar of Xom.
  7514 | D:8      | Found Zefe's Antique Weapon Boutique.
  7521 | D:8      | Bought a runed war axe for 143 gold pieces
  7649 | D:8      | Noticed a cyan ugly thing
  7680 | D:8      | Killed a cyan ugly thing
  7681 | D:8      | Reached skill level 10 in Axes
  8127 | D:9      | Reached XP level 10. HP: 56/90 MP: 9/9
  8264 | D:9      | Found an ancient bone altar of Kikubaaqudgha.
  8373 | D:9      | Found a staircase to the Orcish Mines.
  9212 | D:9      | Reached skill level 11 in Axes
  9890 | D:7      | Killed an eight-headed hydra
 10611 | D:10     | Entered Level 10 of the Dungeon
 10833 | D:10     | Reached skill level 10 in Fighting
 11142 | D:10     | Reached ***** piety under Trog
 11151 | D:10     | Reached XP level 11. HP: 69/100 MP: 10/10
 11161 | D:10     | Reached skill level 12 in Axes
 11375 | D:10     | Noticed a two-headed ogre
 11383 | D:10     | Killed a two-headed ogre
 11737 | D:11     | Reached skill level 1 in Shields
 11737 | D:11     | Noticed a two-headed ogre
 11749 | D:11     | Killed a two-headed ogre
 11934 | D:11     | Reached skill level 10 in Armour
 11999 | D:11     | Noticed a two-headed ogre
 12008 | D:11     | Killed a two-headed ogre
 12009 | D:11     | Reached skill level 13 in Axes
 12070 | D:11     | Found a staircase to the Lair.
 12097 | D:11     | Noticed a seven-headed hydra
 12113 | D:11     | Killed a seven-headed hydra
 12165 | D:11     | Noticed Erolcha
 12652 | D:11     | Killed Erolcha
 12995 | D:12     | Reached skill level 1 in Maces & Flails
 13128 | D:12     | Noticed a two-headed ogre
 13891 | D:12     | Noticed a centaur warrior
 14156 | D:12     | Noticed a red ugly thing
 14304 | D:12     | Killed a two-headed ogre
 14658 | D:12     | Killed a centaur warrior
 14659 | D:12     | Reached XP level 12. HP: 71/112 MP: 11/11
 14936 | D:12     | Found Kehiem's Antique Weapon Emporium.
 14944 | D:12     | Bought a glowing morningstar for 217 gold pieces
 15332 | D:13     | Noticed a two-headed ogre
 15343 | D:13     | Killed a two-headed ogre
 15520 | D:13     | Noticed Azrael
 15640 | Lair:1   | Entered Level 1 of the Lair of Beasts
 15640 | Lair:1   | Noticed Harold
 15657 | Lair:1   | Killed Harold
 16142 | Lair:1   | Noticed Joseph
 16142 | Lair:1   | Noticed khadrin's ghost (journeyman HOFi)
 16156 | Lair:1   | Killed Joseph
 16273 | Lair:1   | Found a runed translucent gate.
 16273 | Lair:1   | Found a runed translucent gate.
 16273 | Lair:1   | Found a runed translucent gate.
 16395 | Lair:1   | Identified the +10 rapier of Autumn {venom, Int+2}
 16644 | Lair:1   | Reached skill level 14 in Axes
 17008 | Lair:2   | Found a dark tunnel.
 17015 | Volcano  | Entered a volcano
 17105 | Volcano  | Cast into level 2 of the Abyss (a wizard)
 17108 | Abyss:2  | Noticed a white very ugly thing
 17147 | Abyss:2  | Killed a lorocyproca
 17216 | Abyss:2  | Noticed a tentacled starspawn
 17236 | Abyss:2  | Killed from afar by a raiju

Illustrated notes

Levels and vault maps discovered:
D:1:      dpeg_arrival_tiny_i, layout_basic
D:2:      layout_basic, serial_bayou_pond_e, uniq_natasha, uniq_sigmund
D:3:      layout_rooms, gammafunk_temple_overflow_pools
D:4:      layout_loops_ring, mainiacjoe_overflow_divided_tiny,
          lemuel_crystal_altar, minmay_temple_entry_mist
D:5:      layout_basic, marbit_many_paths, serial_shops, kennysheep_mini
D:6:      layout_basic, serial_shops, nicolae_shop_statue_plus,
          nicolae_shop_stone, nicolae_shop_window_shopping,
          minmay_manual_mullet, uniq_duvessa, uniq_menkaure
D:7:      layout_gridville, nrook_mini_vaults, hellmonk_guarded_unrand_vines
D:8:      layout_rooms, xom_teletrap_fun, serial_shops,
          nicolae_shop_behind_doors, gammafunk_ghost_icy, dk_vineyard_2,
          nicolae_elemental_shop, kennysheep_just_a_vault
D:9:      layout_loops_corners, tgw_kikubaaqudgha, david_orc_1_choice
D:10:     layout_basic, special_room [special_room_orc]
D:11:     layout_roguey, lair_entry_dummy, uniq_erolcha
D:12:     layout_basic, serial_shops, nicolae_shop_behind_doors,
          minmay_misc_feat_columns
D:13:     lemuel_troll_bridge, layout_loops_ring, david_vaults_3,
          hangedman_decor_riveting, nicolae_ashenzari_skybound, uniq_maurice,
          uniq_snorg, uniq_urug, uniq_azrael
Lair:1:   layout_regular_city, gammafunk_ghost_split, infiniplex_staircase_pool,
          grunt_megastairs_2, uniq_harold, uniq_joseph
Lair:2:   layout_cave_pods, guppyfry_snake_entry_garden, enter_volcano_4,
          minmay_shattered_shrine
Abyss:2:  base: D:8, evilmike_abyss_exit_3, bh_abyss_negative
Volcano:  volcano_bunker

Skill      XL: |  1  2  3  4  5  6  7  8  9 10 11 12 |
---------------+-------------------------------------+-----
Fighting       | 4 5 6 7 8 10 11 12 | 12.4
Axes           | 4 5 6 8 10 11 13 14 | 14.4
Slings         | 1 2 3 4 6 7 8 9 |  9.8
Dodging        | 3 4 |  4.5
Armour         | 3 5 7 9 11 12 | 12.4
Shields        | 3 4 |  4.5
Maces & Flails | 1 |  1.6
Stealth        | |  0.1

Action                   |  1- 3 |  4- 6 |  7- 9 | 10-12 || total
-------------------------+-------+-------+-------+-------++-------
Melee: Hand axe          |    59 |       |       |       ||    59
       Headbutt          |    10 |     8 |    26 |   113 ||   157
       War axe           |       |    58 |   173 |   380 ||   611
       Punch             |       |     1 |       |       ||     1
       Flail             |       |       |       |    13 ||    13
 Fire: Hunting sling     |    26 |    32 |    92 |    88 ||   238
Throw: Stone             |     2 |       |       |       ||     2
Invok: Berserk           |       |     1 |     1 |     7 ||     9
       Trog's Hand       |       |       |     1 |     1 ||     2
Evoke: Wand              |       |       |       |     1 ||     1
  Use: Scroll            |     1 |     4 |     8 |     5 ||    18
       Potion            |       |       |     8 |     2 ||    10
 Stab: Distracted        |     1 |       |       |       ||     1
Armor: Animal skin       |     9 |     7 |       |       ||    16
       Ring mail         |       |       |     6 |       ||     6
       Plate armour      |       |       |    82 |   125 ||   207
Dodge: Dodged            |    35 |    60 |   120 |   160 ||   375
Block: Kite shield       |       |       |       |   123 ||   123
